Map: Thunderbird LE

Players

Vindicta

  • Race: Terran Terran
  • Spawn Location: 11:00

Probe - Winner!

  • Race: Protoss Protoss
  • Spawn Location: 5:00

VOD

Have the link to the VOD?

Description

Time

  • Played on: Sept. 6, 2019, 4:40 p.m.
  • Length: 6:50
Show
View Real Time Build Order
Export as new Build Order

Vindicta Terran 

Build Orders: Reaper Expand 

Get SALT Encoding   

  12  0:00  SCV  
  13  0:12  SCV  
  14  0:17  Supply Depot  
  14  0:24  SCV  
  15  0:39  SCV  
  15  0:40  Barracks  
  15  0:42  Refinery  
  16  0:51  SCV  
  17  1:03  SCV  
  18  1:15  SCV  
  19  1:27  Orbital Command, Reaper  
  20  1:44  Command Center  
  20  1:52  Supply Depot  
  20  1:54  SCV  
  20  1:59  Marine  
  22  2:06  SCV  
  23  2:10  Factory  
  23  2:18  Refinery, SCV  
  23  2:21  Barracks Reactor  
  24  2:31  SCV  
  25  2:43  SCV  
  26  2:54  Widow Mine  
  26  2:55  SCV  
  26  2:56  Starport, Orbital Command  
  26  2:58  Marine x2  
  31  3:07  SCV  
  32  3:15  Widow Mine, Marine  
  32  3:16  Marine  
  32  3:19  SCV  
  36  3:22  SCV  
  36  3:25  Supply Depot  
  37  3:31  SCV  
  37  3:33  Marine x2  
  40  3:34  SCV  
  40  3:35  Medivac  
  43  3:44  SCV  
  43  3:47  SCV  
  45  3:49  Widow Mine  
  45  3:51  Marine x2  
  49  3:56  SCV  
  49  3:58  Command Center  
  49  4:01  SCV  
  51  4:04  Supply Depot  
  51  4:08  Liberator, SCV  
  52  4:13  SCV  
  52  4:16  Factory Tech Lab  
  53  4:17  Marine  
  54  4:25  Marine  
  54  4:26  SCV x2  
  54  4:28  Supply Depot  
  54  4:30  Bunker  
  59  4:34  Siege Tank  
  62  4:40  Supply Depot  
  62  4:50  SCV x2  
  62  4:52  Supply Depot, Barracks  
  64  4:53  Barracks  
  64  4:55  Barracks Tech Lab  
  64  5:02  SCV x2  
  64  5:10  Engineering Bay x2  
  60  5:14  SCV  
  60  5:16  Marauder, Starport Reactor  
  60  5:17  Orbital Command  
  60  5:18  Factory Reactor  
  61  5:24  SCV  
  61  5:26  Refinery, SCV  
  61  5:27  Refinery  
  63  5:36  SCV  
  63  5:41  Barracks  
  64  5:43  Barracks  
  64  5:45  Marine  
  64  5:48  SCV x2  
  67  5:51  Barracks  
  67  5:54  Barracks, Marine x2  
  66  6:05  Medivac  
  66  6:06  Marine  
  65  6:14  Medivac  
  65  6:15  Marine x2  
  65  6:16  Marine  
  63  6:19  Widow Mine  
  63  6:24  Marine  
  59  6:29  SCV  
Show
View Real Time Build Order
Export as new Build Order

Probe Protoss - Winner!

Build Orders: 1 Gate Expand, Blink Stalkers 

Get SALT Encoding   

  12  0:00  Probe  
  13  0:12  Probe  
  14  0:20  Pylon  
  14  0:25  Probe  
  15  0:34  Probe  
  15  0:39  Gateway  
  15  0:42  Probe  
  16  0:47  Assimilator  
  17  0:52  Probe  
  18  1:04  Probe  
  19  1:16  Probe  
  20  1:23  Nexus  
  20  1:32  Cybernetics Core  
  20  1:37  Probe  
  21  1:41  Assimilator  
  21  1:49  Probe  
  21  1:50  Pylon  
  22  1:58  Adept  
  22  2:00  Probe  
  23  2:08  Warp Gate, Probe  
  26  2:16  Probe  
  27  2:25  Twilight Council  
  27  2:27  Probe  
  28  2:32  Probe  
  28  2:39  Probe  
  28  2:40  Probe  
  28  2:43  Stalker  
  31  2:50  Probe  
  31  2:51  Blink  
  32  2:52  Probe  
  34  3:02  Probe  
  34  3:04  Probe  
  36  3:08  Gateway  
  36  3:14  Probe  
  36  3:16  Probe  
  37  3:21  Stalker  
  37  3:26  Pylon, Probe  
  40  3:28  Probe  
  40  3:32  Robotics Facility  
  41  3:38  Probe x2  
  43  3:46  Gateway, Probe  
  43  3:51  Probe  
  43  3:55  Probe  
  45  3:59  Stalker  
  45  4:02  Stalker  
  50  4:03  Probe  
  50  4:05  Assimilator  
  50  4:06  Probe  
  50  4:09  Pylon  
  52  4:15  Probe  
  53  4:18  Probe  
  53  4:20  Pylon  
  53  4:21  Observer  
  54  4:27  Probe  
  54  4:28  Stalker x2  
  54  4:30  Probe  
  61  4:39  Pylon  
  61  4:41  Stalker  
  61  4:42  Observer  
  64  4:54  Stalker x2  
  68  5:05  Nexus  
  68  5:06  Pylon  
  68  5:10  Probe  
  68  5:11  Stalker  
  69  5:21  Stalker x2  
  73  5:25  Observer  
  73  5:26  Pylon  
  73  5:40  Forge x2  
  73  5:42  Probe x2  
  75  5:45  Pylon  
  75  5:54  Probe  
  75  5:55  Gateway  
  76  5:57  Gateway  
  76  5:59  Gateway  
  76  6:01  Probe  
  76  6:05  Stalker x2  
  76  6:12  Probe  
  74  6:19  Probe  
  74  6:21  Probe  
  74  6:24  Probe  
  77  6:31  Probe  
  78  6:33  Probe  
  78  6:36  Probe  
Tags
 
Add a new tag
Caveats
  • Supply blocks, unpowered buildings, or Contaminate may cause inaccurate times.
  • Supply counts are checked every 10 seconds.